AoeStats
← FellRabbit9

Nomad

510026280Analyzed
2v2 RM · 3d ago on Sep 29, 2026· 48m 22s· 4 players
Game mode
Random Map
Map size
176×176
Population
200
Speed
Normal
Resources
Standard
Victory
Conquest
Starting age
Dark Age
Ending age
Imperial Age
RankedLock teamsTeams togetherTeam positionsShared explorationLock speedFull tech treeHidden civsTurbo modeCheats
Victory
Defeat
🇺🇸 Malians · United States
1194
+16
🇭🇰 Persians · Hong Kong SAR China
1194
+16
🇲🇽 Georgians · Mexico
1202
-16
🇲🇽 Cumans · Mexico
1200
-16
HimGor3209
4:04 Loom
14:21 Feudal Age
15:04 Double-Bit Axe
19:07 Castle Age
18:28 Stone Mining
19:22 Fletching
19:51 Crossbowman
20:34 Bodkin Arrow
22:11 Gold Mining
22:35 Bow Saw
26:49 Ballistics
27:50 Padded Archer Armor
30:02 Fishing Lines
35:14 Imperial Age
32:35 Elite Skirmisher
36:21 Conscription
41:13 Leather Archer Armor
41:59 Treadmill Crane
43:08 Ring Archer Armor
42:46 Thumb Ring
44:23 Wheelbarrow
43:34 Town Watch
43:51 Pikeman
45:52 Man-at-Arms
46:33 Squires
48:27 Scale Mail Armor
48:37 Forging
48:47 Scale Barding Armor
FellRabbit9
11:33 Loom
13:36 Feudal Age
21:32 Castle Age
23:34 Scale Barding Armor
23:39 Forging
26:59 Wheelbarrow
27:35 Town Watch
30:50 Chain Barding Armor
30:41 Forging
32:22 Husbandry
33:25 Fletching
33:28 Horse Collar
33:40 Gold Mining
35:05 Bloodlines
36:02 Iron Casting
36:34 Hand Cart
40:40 Imperial Age
38:45 Bodkin Arrow
42:24 Conscription
42:30 Heavy Camel Rider
44:39 Blast Furnace
44:21 Town Patrol
47:51 Citadels
47:47 Kamandaran
48:32 Plate Barding Armor
jasssso98
3:41 Loom
12:46 Feudal Age
13:14 Fishing Lines
14:05 Double-Bit Axe
15:55 Gold Mining
19:44 Castle Age
19:34 Scale Barding Armor
19:42 Forging
19:23 Fletching
21:03 Bow Saw
21:54 Chain Barding Armor
22:29 Husbandry
23:06 Gillnets
24:16 Pikeman
24:57 Squires
25:34 Medium Warships
28:03 Bloodlines
30:23 Wheelbarrow
32:25 Iron Casting
32:15 Stone Mining
32:41 Fletching
32:35 Horse Collar
34:05 Town Watch
34:37 Hand Cart
35:56 Heavy Plow
36:52 Bloodlines
36:56 Town Watch
38:03 Scale Mail Armor
40:37 Devotion
40:05 Light Cavalry
46:35 Imperial Age
45:48 Chain Mail Armor
46:53 Cavalier
48:00 Capped Ram
TheOne
4:58 Loom
6:22 Loom
7:43 Loom
13:55 Feudal Age
14:43 Double-Bit Axe
21:54 Castle Age
21:23 Fletching
22:53 Medium Warships
22:24 Fishing Lines
25:49 Steppe Husbandry
29:33 Bow Saw
30:50 Bloodlines
32:51 Ballistics
32:37 Bodkin Arrow
33:01 Gold Mining
33:34 Herbal Medicine
41:16 Imperial Age
40:05 Stone Mining
42:47 Conscription
42:43 Scale Barding Armor
42:49 Forging
43:16 Elite Steppe Lancer
47:13 Chain Barding Armor
Connection lost

Rejoining the realm…

Still unreachable

The connection could not be restored.

Session expired

The server has moved on; the page needs a fresh start.